 Dungeon Crawl Stone Soup version 0.29.1-2-gbd0b4ee654 (webtiles) character file.

Game seed: 6486724647479484212

307 kingsuperguy the Trooper (level 6, -4/56 HPs)
             Began as a Minotaur Berserker on Nov 16, 2022.
             Was a Believer of Trog.
             Slain by sigtrap's ghost (12 damage)
             ... on level 3 of the Dungeon.
             The game lasted 00:04:51 (4414 turns).

kingsuperguy the Trooper (Minotaur Berserker)       Turns: 4414, Time: 00:04:51

Health: -4/56      AC:  2    Str: 23    XL:     6   Next: 16%
Magic:  5/5        EV: 12    Int:  4    God:    Trog [**....]
Gold:   117        SH:  0    Dex: 10    Spells: 5/5 levels left

rFire   . . .      SeeInvis +   r - +0 dagger (drain)
rCold   . . .      Faith    .   (no shield)
rNeg    . . .      Spirit   .   b - +0 animal skin
rPois   .          Reflect  .   (helmet restricted)
rElec   .          Harm     .   (no cloak)
rCorr   .          Rampage  .   (no gloves)
Will    ++...                   (no boots)
Stlth   +.........              (no amulet)
HPRegen 1.18/turn               d - ring of see invisible
MPRegen 0.09/turn               (no ring)

@: strong-willed (expiring), on berserk cooldown, regenerating (expiring),
slowed, very slow
A: horns 2, retaliatory headbutt, wild magic 1
a: Renounce Religion, Berserk, Trog's Hand


You were on level 3 of the Dungeon.
You worshipped Trog.
Trog was pleased with you.
You visited 1 branch of the dungeon, and saw 3 of its levels.

You collected 117 gold pieces.

Inventory:

Hand Weapons
 a - a +0 short sword
 c - a +0 trident
 r - a +0 dagger of draining (weapon)
 s - a +0 hand axe of freezing
Missiles
 m - 13 boomerangs (quivered)
 n - 20 stones
 t - 5 curare-tipped darts
Armour
 b - a +0 animal skin (worn)
Jewellery
 d - a ring of see invisible (left hand)
 p - a ring of fire
Scrolls
 e - 7 scrolls of identify {unknown}
 i - a scroll of vulnerability {unknown}
 j - a scroll of teleportation {unknown}
 q - 2 scrolls of amnesia {unknown}
 w - 2 scrolls of fear {unknown}
Potions
 f - 2 potions of might {unknown}
 g - 2 potions of resistance {unknown}
 h - 2 potions of degeneration {unknown}
 k - a potion of brilliance {unknown}
 o - 2 potions of mutation
 v - 2 potions of lignification {unknown}
 x - a potion of ambrosia {unknown}


   Skills:
 + Level 5.4 Fighting
 + Level 5.1 Short Blades
 + Level 0.9 Throwing
 + Level 2.7 Armour
 + Level 3.8 Dodging
 + Level 1.1 Stealth


You had 5 spell levels left.
You didn't know any spells.
Your spell library was empty.

Dungeon Overview and Level Annotations

Branches:
Dungeon (3/15)

Altars:

Annotations:
D:3 sigtrap's ghost, amateur GnFi


Innate Abilities, Weirdness & Mutations

You have a pair of horns on your head.
You reflexively headbutt those who attack you in melee.
Your spells are a little harder to cast, but a little more powerful.


Message History

Sigtrap's ghost is moderately damaged.
Sigtrap's ghost hits you. Sigtrap's ghost burns you.
Your skin crawls.
You feel strong-willed.
Sigtrap's ghost says, "You can hit me, but you can't hurt me."
Sigtrap's ghost hits you! Sigtrap's ghost burns you.
You hit sigtrap's ghost but do no damage.
Sigtrap's ghost is moderately damaged.
Sigtrap's ghost misses you. You furiously retaliate!
You headbutt sigtrap's ghost, but do no damage.
You hit sigtrap's ghost but do no damage.
You headbutt sigtrap's ghost.
Sigtrap's ghost is moderately damaged.
Sigtrap's ghost barely misses you. Sigtrap's ghost misses you.
You furiously retaliate!
You headbutt sigtrap's ghost.
You hit sigtrap's ghost but do no damage.
Sigtrap's ghost is heavily damaged.
Sigtrap's ghost hits you!
* * * LOW HITPOINT WARNING * * *
Sigtrap's ghost burns you.
* * * LOW HITPOINT WARNING * * *
It was a potion of heal wounds.
You feel much better. Sigtrap's ghost misses you.
You hit sigtrap's ghost but do no damage.
Sigtrap's ghost is heavily damaged.
Sigtrap's ghost hits you! Sigtrap's ghost burns you.
You hit sigtrap's ghost.
Sigtrap's ghost is heavily damaged.
Sigtrap's ghost hits you! Sigtrap's ghost burns you.
You feel better.
You feel the effects of Trog's Hand fading.
Sigtrap's ghost hits you! Sigtrap's ghost burns you. Sigtrap's ghost hits you!
* * * LOW HITPOINT WARNING * * *
Sigtrap's ghost burns you.
* * * LOW HITPOINT WARNING * * *
It was a potion of mutation.
You feel extremely strange.
Iridescent scales grow over part of your body.
Your iridescent scales disappear.
You feel less in control of your magic. Sigtrap's ghost hits you!
You die...

#.# #.## #..#.# #.# #..# #..#.#
#.# ##.###..#.# #.# #..##..#.#
#.# ##..#..#.# #.###########
##########....#.#
#...........####...............#
#############♣.#...######.....>#
#.#<.....##8W@...# #......#
#......#.##♣.#..## #......#
#.####.#.######## #......#
#.#...........# #......#
#)#....#..###.# #......#
#.#....#....#.# #......#
#)#....#..#.#.# ########
#.#....####.#.# #.#.......#.#.#


You could see sigtrap's ghost.

Vanquished Creatures
  2 kobold brigands (D:3)
  A hound (D:3)
  An orc wizard (D:3)
  4 adders
  2 worms
  4 orcs (D:3)
  3 bats
  5 endoplasms
  3 giant cockroaches
  11 hobgoblins
  4 jackals (D:2)
  2 quokkas
  3 ball pythons
  5 frilled lizards
  4 goblins
  13 kobolds
  3 rats
70 creatures vanquished.

Vanquished Creatures (others)
  4 fungi (D:2)
  8 plants
  4 toadstools (D:1)
16 creatures vanquished.

Grand Total: 86 creatures vanquished

Notes
Turn   | Place    | Note
-------+----------+-------------------------------------------
     0 | D:1      | kingsuperguy the Minotaur Berserker began the quest for the
                  | Orb.
     0 | D:1      | Reached XP level 1. HP: 19/19 MP: 0/0
   352 | D:1      | Reached XP level 2. HP: 15/27 MP: 1/1
  1506 | D:2      | Reached XP level 3. HP: 25/34 MP: 2/2
  1746 | D:2      | Reached ** piety under Trog
  1816 | D:2      | Found a faded altar of an unknown god.
  2606 | D:3      | Reached XP level 4. HP: 38/41 MP: 3/3
  2868 | D:3      | Noticed a kobold brigand
  2899 | D:3      | Killed a kobold brigand
  2900 | D:3      | Reached skill level 5 in Fighting
  2900 | D:3      | Reached XP level 5. HP: 9/48 MP: 4/4
  3124 | D:3      | Reached skill level 5 in Short Blades
  3124 | D:3      | Reached skill level 1 in Stealth
  3619 | D:3      | Reached XP level 6. HP: 43/56 MP: 5/5
  4214 | D:3      | Found a runed translucent door.
  4215 | D:3      | Noticed sigtrap's ghost (amateur GnFi)
  4414 | D:3      | Gained mutation: You are partially covered in iridescent
                  | scales. (AC +2) [potion of mutation]
  4414 | D:3      | Lost mutation: You are partially covered in iridescent
                  | scales. (AC +2) [potion of mutation]
  4414 | D:3      | Gained mutation: Your spells are a little harder to cast,
                  | but a little more powerful. [potion of mutation]
  4414 | D:3      | Slain by sigtrap's ghost

Illustrated notes

Levels and vault maps discovered:
D:1:      ldierk_walled_garden_2, layout_loops_ring, serial_forest,
          infiniplex_forest_fountain, infiniplex_forest_clump_tiny,
          infiniplex_forest_clump_curved, infiniplex_forest_lined_2,
          infiniplex_forest_3_way, minivault_5
D:2:      layout_loops_corners, shapermc_ecumenical_altar_mp_urbaneastern
D:3:      cheibrodos_thug_alley, layout_basic, gammafunk_ghost_grave

Skill      XL: |  1  2  3  4  5 |
---------------+----------------+-----
Fighting       | 4 5 |  5.4
Short Blades   | 4 5 |  5.1
Dodging        | 3 |  3.8
Stealth        | 1 |  1.1
Throwing       | |  0.9
Armour         | |  2.7

Action                   |  1- 3 |  4- 6 || total
-------------------------+-------+-------++-------
Melee: Short sword       |   160 |       ||   160
       Headbutt          |    29 |    10 ||    39
       Punch             |     4 |     1 ||     5
       Dagger            |     5 |    92 ||    97
Throw: Boomerang         |       |     5 ||     5
       Dart              |       |     3 ||     3
Invok: Berserk           |     2 |     3 ||     5
       Trog's Hand       |       |     2 ||     2
  Use: Potion            |       |     4 ||     4
 Stab: Sleeping          |       |     1 ||     1
Armor: Animal skin       |    18 |     8 ||    26
Dodge: Dodged            |    79 |    46 ||   125
